 Dungeon Crawl Stone Soup version 0.31-a0-819-gf6de2f5ab6 (webtiles) character file.

Game seed: 365179861328347225

306 qw the Shooter (level 6, -1/38 HPs)
             Began as a Gargoyle Hunter on Sept 23, 2023.
             Slain by an orc wizard
             ... wielding a +0 dagger
              (3 damage)
             ... on level 4 of the Dungeon.
             The game lasted 00:01:16 (3137 turns).

qw the Shooter (Gargoyle Hunter)                    Turns: 3137, Time: 00:01:17

Health: -1/38      AC: 12    Str: 15    XL:     6   Next: 39%
Magic:  6/6        EV: 11    Int:  9    God:
Gold:   207        SH:  0    Dex: 15    Spells: 5/5 levels left

rFire   . . .        Y - +0 shortbow
rCold   . . .        (shield currently unavailable)
rNeg    + . .        g - +0 ring mail
rPois   inf          c - +2 hat
rElec   +            m - +0 cloak
rCorr   .            (no gloves)
SInv    .            (no boots)
Will    .....        (no amulet)
Stlth   +            (no ring)
HPRegen 0.26/turn    (no ring)
MPRegen 0.10/turn

%: no passive effects
@: no status effects
A: sickness immunity, AC +4, negative energy resistance 1, electricity
resistance, torment resistance 1, petrification resistance
a: no special abilities


You were on level 4 of the Dungeon.
You visited 1 branch of the dungeon, and saw 4 of its levels.

You collected 207 gold pieces.


Innate Abilities, Weirdness & Mutations

You are immune to sickness and miasma.
Your stone body is resilient. (AC +4)
You are immune to poison.
You resist negative energy. (rN+)
You are resistant to electric shocks. (rElec)
You are resistant to unholy torment.
You are immune to petrification.


   Skills:
 - Level 4.2 Fighting
 + Level 6.5 Ranged Weapons
 - Level 1.0 Armour
 - Level 1.5 Dodging
 - Level 1.1 Stealth


You had 5 spell levels left.
You didn't know any spells.
Your spell library was empty.

Inventory:

Hand Weapons
 Y - a +0 shortbow (weapon)
Armour
 c - a +2 hat (worn)
 g - a +0 ring mail (worn)
 m - a +0 cloak (worn)
Jewellery
 l - a ring of fire
Scrolls
 f - 2 scrolls of identify
Potions
 b - a potion of attraction {unknown}
 e - a potion of haste
 i - a potion of mutation {unknown}
 j - a potion of magic {unknown}

Dungeon Overview and Level Annotations

Branches:
Dungeon (4/15)
 Temple: D:4-7

Altars:
Ashenzari
Sif Muna


Message History

The arrow hits the orc priest but does no damage.
The orc priest is moderately wounded.
The orc priest hits you but does no damage.
The orc barely misses you. Something hits you but does no damage.
You shoot an arrow. The arrow barely misses the orc priest.
The orc priest hits you with a +0 club. The orc hits you but does no damage.
You hear some strange, mumbled words.
A puff of flame appears from out of thin air!
The puff of flame misses you. The orc priest barely misses you.
The orc hits you but does no damage.
You shoot an arrow. The arrow hits the orc priest.
The orc priest is heavily wounded.
Something hits you but does no damage. The orc priest barely misses you.
The orc barely misses you. Something hits you but does no damage.
You shoot an arrow.
The arrow closely misses the orc priest.
The arrow barely misses the orc.
The orc priest hits you but does no damage.
The orc closely misses you. Something hits you but does no damage.
You shoot an arrow. The arrow hits the orc priest.
The orc priest is severely wounded.
The orc priest hits you but does no damage.
The orc closely misses you.
You hear some strange, mumbled words.
Something tries to affect you, but you resist.
You shoot an arrow. The arrow hits the orc priest.
The orc priest is severely wounded.
The orc priest hits you but does no damage.
The orc hits you but does no damage. Something hits you.
You shoot an arrow.
The arrow hits the orc priest but does no damage.
The orc priest is severely wounded.
The orc priest hits you but does no damage.
The orc closely misses you. Something hits you but does no damage.
The orc priest barely misses you.
You shoot an arrow.
The arrow hits the orc priest but does no damage.
The orc priest is severely wounded.
The orc misses you. Something hits you.
You die...

### #.## ##..##
#....# ####
#.{@## #...##
##.oo###.....#
#..goo.....#
##......%.....#
#..##..(..##..
##.........#
###........#
#.#..........
###.#...........


You could see an orc priest, 3 orcs and a goblin.

Vanquished Creatures
  2 iguanas (D:4)
  Ijyb (D:3)
  An orc wizard (D:4)
  5 gnolls (D:3)
  8 adders
  A worm (D:2)
  A dart slug (D:1)
  5 orcs
  6 ball pythons
  6 endoplasms
  A giant cockroach (D:2)
  10 goblins
  5 hobgoblins
  7 jackals (D:2)
  2 quokkas
  5 bats
  7 frilled lizards
  3 kobolds
  5 rats
81 creatures vanquished.

Notes
Turn   | Place    | Note
-------+----------+-------------------------------------------
     0 | D:1      | qw the Gargoyle Hunter began the quest for the Orb.
     0 | D:1      | Reached XP level 1. HP: 12/12 MP: 1/1
     0 | D:1      | 0 ||| qw: Version: 0.3-a-83-gcd0e7d8
     0 | D:1      | 0 ||| qw: Game counter: 1595
     0 | D:1      | 0 ||| qw: Melee chars always use a shield: true
     0 | D:1      | 0 ||| qw: God list: Okawaru
     0 | D:1      | 0 ||| qw: Allow faded altars: false
     0 | D:1      | 0 ||| qw: Do Orc after clearing Dungeon:15 true
     0 | D:1      | 0 ||| qw: Do second Lair branch before Depths: true
     0 | D:1      | 0 ||| qw: Lair rune preference: random
     0 | D:1      | 0 ||| qw: Goals: Normal
     0 | D:1      | 0 ||| PLANNING D:1-11
   147 | D:1      | Reached XP level 2. HP: 17/17 MP: 2/2
  1009 | D:1      | Reached XP level 3. HP: 21/21 MP: 3/3
  1014 | D:1      | 1014 ||| READING scroll labelled TECZITYRUL.
  1017 | D:1      | 1017 ||| READING scroll labelled CEXIH VUULAVEU.
  1018 | D:1      | 1018 ||| READING scroll labelled XOAJOA UMOTA.
  1019 | D:1      | 1019 ||| READING scroll labelled WOCEIK KEULIX.
  1020 | D:1      | 1020 ||| READING scroll labelled VUTIOM DUORONY.
  1037 | D:1      | 1037 ||| READING scroll labelled POCOYM GUESH.
  1038 | D:1      | 1038 ||| DRINKING 2 fizzy inky potions.
  1039 | D:1      | 1039 ||| DROPPING scroll of butterflies.
  1040 | D:1      | 1040 ||| DROPPING potion of degeneration.
  1137 | D:2      | Reached skill level 5 in Ranged Weapons
  1317 | D:2      | Reached skill level 3 in Fighting
  1362 | D:2      | Reached XP level 4. HP: 28/28 MP: 4/4
  1759 | D:2      | 1759 ||| DROPPING scarf of invisibility.
  1760 | D:2      | 1760 ||| UPGRADING to +0 helmet.
  1765 | D:2      | 1765 ||| UPGRADING to +0 cloak.
  1770 | D:2      | 1770 ||| READING scroll labelled TUCZEU SOTOIL.
  1771 | D:2      | 1771 ||| DRINKING 2 emerald potions.
  1772 | D:2      | 1772 ||| DRINKING 2 fuming grey potions.
  1869 | D:3      | Reached skill level 1 in Armour
  1983 | D:3      | Reached XP level 5. HP: 31/32 MP: 5/5
  2331 | D:3      | Reached skill level 6 in Ranged Weapons
  2390 | D:3      | 2390 ||| UPGRADING to +0 ring mail.
  2400 | D:3      | 2400 ||| DROPPING +0 leather armour.
  2401 | D:3      | 2401 ||| READING scroll labelled PACHUF DISILIU.
  2402 | D:3      | 2402 ||| DRINKING 2 sedimented golden potions.
  2431 | D:3      | 2431 ||| DROPPING potion of lignification.
  2714 | D:3      | Found a broken altar of Ashenzari.
  2714 | D:3      | Found a shimmering blue altar of Sif Muna.
  2809 | D:3      | Noticed Ijyb
  2811 | D:3      | 2811 ||| FLEEEEING.
  2812 | D:3      | 2812 ||| FLEEEEING.
  2837 | D:3      | Killed Ijyb
  2990 | D:3      | 2990 ||| UPGRADING to +2 hat.
  3000 | D:3      | 3000 ||| DROPPING +0 helmet.
  3001 | D:3      | 3001 ||| READING scroll labelled OMEIFU RURUNA.
  3018 | D:4      | 3018 ||| PLANNING SEWER
  3023 | D:4      | Reached XP level 6. HP: 38/38 MP: 6/6
  3108 | D:4      | 3108 ||| Stepping ~*~*~tactically~*~*~ (retreating).
  3109 | D:4      | 3109 ||| Stepping ~*~*~tactically~*~*~ (retreating).
  3110 | D:4      | 3110 ||| Stepping ~*~*~tactically~*~*~ (retreating).
  3111 | D:4      | 3111 ||| Stepping ~*~*~tactically~*~*~ (retreating).
  3122 | D:4      | 3122 ||| DRINKING potion of curing.
  3122 | D:4      | 3122 ||| (to cure confusion)
  3126 | D:4      | HP: 9/38 [something/puff of flame (10)]
  3131 | D:4      | HP: 4/38 [orc priest/+0 club (2)]
  3135 | D:4      | HP: 1/38 [something (4)]
  3137 | D:4      | Slain by an orc wizard

Levels and vault maps discovered:
D:1:      minmay_arrival_hallway, layout_basic, minivault_27, nrook_uturn,
          kennysheep_minor_cross, amcnicky_mini_pool_small, st_stairs_13,
          hangedman_decor_diamond_cutter
D:2:      layout_loops_ring, lightli_corner_chamber
D:3:      minmay_razor_zed, layout_loops_cross,
          chequers_temple_overflow_statue_of_worship, uniq_ijyb
D:4:      layout_cave_pools, lemuel_temple_firewalk_b, gammafunk_ghost_grave,
          cheibrodos_sewer_entry_drain, minmay_shop_damaged, uniq_natasha,
          uniq_menkaure

Skill      XL: |  1  2  3  4  5 |
---------------+----------------+-----
Ranged Weapons | 5 6 |  6.5
Fighting       | 3 4 |  4.2
Armour         | 1 |  1.0
Dodging        | |  1.5
Stealth        | |  1.1

Action                     |  1- 3 |  4- 6 || total
---------------------------+-------+-------++-------
   Fire: Shortbow          |    94 |   220 ||   314
    Use: Scroll            |     6 |     3 ||     9
         Potion            |     1 |     4 ||     5
 Armour: Leather armour    |    23 |    48 ||    71
         Ring mail         |       |    71 ||    71
  Dodge: Dodged            |    31 |    87 ||   118

Table legend:
 A = Non-vault XP
 B = Vault XP
 C = Vault XP percentage of total XP
 D = Non-vault monster count
 E = Vault monster count
 F = Vault count percentage of total count
                 A         B        C        D         E       F
            +---------+---------+-------+---------+---------+-------
      Total |     349 |      89 |  20.3 |      70 |      11 |  13.6
            +---------+---------+-------+---------+---------+-------
        D:1 |      34 |       1 |   2.9 |      20 |       1 |   4.8
        D:2 |      94 |       0 |   0.0 |      26 |       0 |   0.0
        D:3 |     101 |      88 |  46.6 |      16 |      10 |  38.5
        D:4 |     120 |       0 |   0.0 |       8 |       0 |   0.0
            +---------+---------+-------+---------+---------+-------
